AoeStats
← [PSCH] R!ce

Nomad

508278871Analyzed
3v3 RM · 11d ago on Sep 21, 2026· 46m 7s· 6 players
Game mode
Random Map
Map size
210×210
Population
200
Speed
Normal
Resources
Standard
Victory
Conquest
Starting age
Dark Age
Ending age
Imperial Age
RankedLock teamsTeams togetherTeam positionsShared explorationLock speedFull tech treeHidden civsTurbo modeCheats
Victory
Defeat
🇨🇭 Koreans · Switzerland
1494
+9
🇨🇭 Wu · Switzerland
1448
+11
🇨🇭 Spanish · Switzerland
1439
+12
🇭🇺 Gurjaras · Hungary
1394
-12
🇫🇷 Ethiopians · France
1313
-10
🇹🇷 Hindustanis · Türkiye
1313
-10
[PSCH] Reh
3:55 Loom
13:07 Feudal Age
14:34 Double-Bit Axe
16:47 Fishing Lines
18:46 Forging
21:19 Castle Age
21:06 Fletching
22:35 Gold Mining
22:55 Bow Saw
23:12 Scale Mail Armor
24:13 Squires
24:02 Horse Collar
26:58 Chain Mail Armor
27:18 Forging
29:36 Wheelbarrow
30:06 Heavy Plow
31:18 Iron Casting
35:36 Imperial Age
35:39 Treadmill Crane
36:10 Masonry
36:49 Gold Shaft Mining
36:04 Stone Mining
36:37 Hand Cart
35:49 Elite Fire Lancer
35:56 Capped Ram
38:32 Plate Mail Armor
40:05 Siege Engineers
40:16 Arson
40:43 Town Watch
41:23 Conscription
43:36 Two-Man Saw
45:31 Bodkin Arrow
46:33 Architecture
45:59 Murder Holes
47:05 Chemistry
[PSCH] wolverito
5:51 Loom
14:14 Feudal Age
18:18 Castle Age
18:05 Scale Barding Armor
18:13 Fishing Lines
19:05 Bloodlines
18:54 Double-Bit Axe
19:32 Chain Barding Armor
19:23 Forging
19:40 Gillnets
26:27 Iron Casting
28:20 Wheelbarrow
31:11 Sanctity
32:07 Pikeman
37:06 Gold Mining
37:06 Stone Mining
37:32 Horse Collar
41:53 Imperial Age
41:44 Fervor
43:08 Conscription
42:19 Heavy Hei Guang Cavalry
43:35 Plate Barding Armor
44:11 Illumination
44:14 Husbandry
[PSCH] R!ce
4:21 Loom
13:27 Feudal Age
17:16 Castle Age
20:13 Fletching
30:04 Bloodlines
33:33 Padded Archer Armor
34:15 Husbandry
36:05 Double-Bit Axe
39:33 Imperial Age
38:19 Bow Saw
38:22 Horse Collar
39:18 Wheelbarrow
42:09 Bodkin Arrow
41:53 Elite Conquistador
43:12 Leather Archer Armor
45:34 Town Watch
huninter
6:04 Loom
14:13 Feudal Age
17:58 Castle Age
insomnia
5:37 Loom
13:59 Feudal Age
15:25 Double-Bit Axe
15:31 Gold Mining
15:58 Fishing Lines
16:50 Horse Collar
21:16 Castle Age
21:02 Forging
20:52 Scale Mail Armor
21:50 Scale Barding Armor
22:49 Iron Casting
23:36 Chain Barding Armor
23:48 Bloodlines
24:44 Wheelbarrow
26:02 Hand Cart
25:56 Husbandry
26:02 Gillnets
30:26 Stone Mining
34:42 Imperial Age
35:48 Heavy Camel Rider
37:44 Gold Shaft Mining
40:28 Stone Shaft Mining
41:17 Plate Barding Armor
41:43 Blast Furnace
42:02 Chemistry
46:23 Conscription
Fantome69
5:49 Loom
14:29 Feudal Age
15:01 Double-Bit Axe
18:11 Gold Mining
20:43 Castle Age
19:26 Fishing Lines
20:41 Fletching
21:42 Bodkin Arrow
21:59 Gillnets
24:56 Medium Warships
26:09 Bow Saw
28:55 Crossbowman
30:15 Horse Collar
32:35 Padded Archer Armor
33:37 Wheelbarrow
35:23 Ballistics
35:14 Masonry
38:56 Imperial Age
37:32 Thumb Ring
38:12 Hand Cart
39:02 Arbalester
41:03 Chemistry
40:54 Bracer
41:09 Leather Archer Armor
44:05 Ring Archer Armor
46:34 Scale Mail Armor
46:45 Forging
Connection lost

Rejoining the realm…

Still unreachable

The connection could not be restored.

Session expired

The server has moved on; the page needs a fresh start.